 Dungeon Crawl Stone Soup version 0.30-a0-777-ga9a30cbeda (webtiles) character file.

Game seed: 7893675539729422951

11 qeuew the Grasshopper (level 2, 7/26 HPs)
             Began as a Naga Warper on Feb 14, 2023.
             Quit the game on level 1 of the Dungeon.
             The game lasted 00:01:32 (325 turns).

qeuew the Grasshopper (Naga Warper)                  Turns: 325, Time: 00:01:32

Health: 7/26       AC:  2    Str: 13    XL:     2   Next: 29%
Magic:  5/5        EV:  9    Int: 13    God:
Gold:   10         SH:  0    Dex: 10    Spells: 5/5 levels left

rFire   . . .      SeeInvis +    a - +0 mace
rCold   . . .      Faith    .    (no shield)
rNeg    . . .      Spirit   .    b - +0 leather armour
rPois   +          Reflect  .    (no helmet)
rElec   .          Harm     .    (no cloak)
rCorr   .          Rampage  .    (no gloves)
Will    .....                    (no barding)
Stlth   +                        (no amulet)
HPRegen 0.24/turn                (no ring)
MPRegen 0.09/turn                (no ring)

@: very slow
A: AC +0, large, see invisible, deformed body, poison resistance, slowness 2,
spit poison 1, naga tail 1
a: Spit Poison


You were on level 1 of the Dungeon.
You visited 1 branch of the dungeon, and saw 1 of its levels.

You collected 10 gold pieces.

Inventory:

Hand Weapons
 a - a +0 mace (weapon)
Missiles
 d - 7 boomerangs of dispersal
Armour
 b - a +0 leather armour (worn)
Scrolls
 c - a scroll of blinking
 e - a scroll of teleportation {unknown}
Potions
 f - a potion of flight {unknown}


   Skills:
 + Level 2.1 Fighting
 + Level 2.1 Maces & Flails
 + Level 1.0 Throwing
 + Level 1.0 Armour
 + Level 1.6 Dodging
 + Level 2.1 Spellcasting
 + Level 3.1 Translocations


You had 5 spell levels left.
You didn't know any spells.
Your spell library contained the following spells:

 Spells                   Type           Power      Damage    Failure   Level
 Blink                    Tloc           18%        N/A       14%         2
 Lesser Beckoning         Tloc           18%        N/A       14%         2
 Teleport Other           Tloc           9%         N/A       26%         3
 Vhi's Electric Charge    Tloc/Air       10%        N/A       45%         3
 Manifold Assault         Tloc           9%         N/A       65%         4


Dungeon Overview and Level Annotations

Branches:
Dungeon (1/15)

Altars:


Innate Abilities, Weirdness & Mutations

Your serpentine skin is tough. (AC +0)
You have supernaturally acute eyesight. (SInv)
Armour fits poorly on your strangely shaped body.
Your system is resistant to poisons. (rPois)
You cover ground very slowly.
You can spit poison.
You have a snake-like lower body.


Message History

Aim: a jackal (moderately wounded, 50% to hit)
The splash of poison misses the jackal.
The jackal misses you. The jackal barely misses you.
The jackal bites you but does no damage.
The jackal bites you.
Unknown command.
You sock the jackal!
You kill the jackal!
The jackal bites you but does no damage. x2
Your Armour skill increases to level 1!
The jackal closely misses you.
Things that are here:
a jackal corpse; a jackal corpse; a jackal corpse The jackal attacks as you move away!
The jackal closely misses you. The jackal bites you.
You barely miss the jackal.
You have got your breath back.
The jackal bites you.
The jackal bites you but does no damage.
You closely miss the jackal.
The jackal bites you but does no damage.
The jackal barely misses you.
You barely miss the jackal. The jackal barely misses you. x2
You closely miss the jackal. The jackal bites you.
The jackal barely misses you.
You closely miss the jackal. The jackal bites you.
You hit the jackal.
The jackal is almost dead.
The jackal barely misses you. The jackal closely misses you.
You closely miss the jackal.
The jackal is almost dead.
The jackal misses you. The jackal bites you.
* * * LOW HITPOINT WARNING * * *
You hit the jackal.
You kill the jackal!
Memorise Blink, consuming 2 spell levels and leaving 3?
Okay, then.
Welcome back, qeuew the Naga Warper.
Press ? for a list of commands and other information.
Are you sure you want to abandon this character and quit the game? (Confirm with "yes".)

### #.. #.# #.# #
#.# .##.#
#.####.##.#
#@##... #.# #†##.#
#.# ##....# #.#
##.....####.#
#...........######
#................#
#.......########.#
#.†.....)..# #.# #
##.#...####.# #.#


There were no monsters in sight!

Vanquished Creatures
  A dart slug (D:1)
  A goblin (D:1)
  4 jackals (D:1)
  A frilled lizard (D:1)
  A kobold (D:1)
  A rat (D:1)
9 creatures vanquished.

Notes
Turn   | Place    | Note
-------+----------+-------------------------------------------
     0 | D:1      | qeuew the Naga Warper began the quest for the Orb.
     0 | D:1      | Reached XP level 1. HP: 19/19 MP: 3/3
    91 | D:1      | Reached skill level 1 in Throwing
   307 | D:1      | Reached XP level 2. HP: 23/26 MP: 5/5
   315 | D:1      | Reached skill level 1 in Armour
   325 | D:1      | Quit the game

Illustrated notes

Levels and vault maps discovered:
D:1:      saegor_arrival_miasma, layout_loops_ring,
          ebering_ecumenical_altar_webs, chequers_serial_rivers_small_a,
          nicolae_grassy_gnolls

Skill      XL: |  1  2 |
---------------+-------+-----
Throwing       | 1 |  1.0
Armour         | 1 |  1.0
Fighting       | |  2.1
Maces & Flails | |  2.1
Dodging        | |  1.6
Spellcasting   | |  2.1
Translocations | |  3.1

Action                     || total
---------------------------++-------
  Melee: Mace              ||    26
Ability: Spit Poison       ||     4
 Armour: Leather armour    ||     7
  Dodge: Dodged            ||    22

Table legend: (Time is in decaauts)
 A = Elapsed time spent in this place.
 B = Non-inter-level travel time spent in this place.
 C = Inter-level travel time spent in this place.
 D = Time resting spent in this place.
 E = Time spent auto-exploring this place.
 F = Levels seen in this place.
 G = Mean time per level.
                   A        B        C        D        E       F      G
               +--------+--------+--------+--------+--------+-----+--------+
         Total |    433 |    433 |      0 |      0 |    366 |   1 |  433.0 |
       Dungeon |    433 |    433 |      0 |      0 |    366 |   1 |  433.0 |
               +--------+--------+--------+--------+--------+-----+--------+

Top non-repeatable levels by time:
     D:1: 433 daAuts
